Vancouver Canucks vs Minnesota North Stars
Created - Wednesday, January 3, 2024 at 07:10
Goals
|
| Vancouver Canucks |
1 |
0 |
0 |
1 |
| Minnesota North Stars |
0 |
2 |
1 |
3 |
|
Shots
|
| Vancouver Canucks |
6 |
9 |
12 |
27 |
| Minnesota North Stars |
11 |
10 |
13 |
34 |
|
1st period
1. Vancouver Canucks , Sam Lafferty 2 (Robby Fabbri 4, Noah Hanifin 6) at 17:43
Penalties :
Brandon Montour (MNS) for Roughing (Minor) at 11:46, Justin Holl (MNS) for Interference (Minor) at 14:42
2nd period
2. Minnesota North Stars , Viktor Arvidsson 3 (Jonathan Toews 3, Brock Nelson 5) at 12:19
3. Minnesota North Stars , Viktor Arvidsson 4 (Justin Holl 3, Gustav Forsling 4) at 14:28
Penalties :
Clayton Keller (VAN) for Close Hand On Puck (Minor) at 0:22, Justin Holl (MNS) for Holding Stick (Minor) at 7:01, Jamie Oleksiak (MNS) for Slashing (Minor) at 16:24, Gustav Forsling (MNS) for Slashing (Minor) at 19:25
3rd period
4. Minnesota North Stars , Ryan Nugent-Hopkins 5 (Evgeni Malkin 8) at 1:43
Penalties :
Justin Holl (MNS) for Hooking (Minor) at 15:48
Goalie Stats
Joonas Korpisalo (VAN), 31 saves from 34 shots - (0.912), L, 7-6-1, 60:00 minutes
Stuart Skinner (MNS), 26 saves from 27 shots - (0.963), W, 8-3-0, 60:00 minutes
Players Stats for Vancouver Canucks
Player Name G A P +/- PIM S H SB GA TA FO MP PP MP PK MP
------------------------------------------------------------------------------------
Adam Boqvist 0 0 0 -1 0 1 1 1 0 1 0/0 16:57 0:00 0:46
Aleksander Barkov 0 0 0 -1 0 1 1 0 0 0 1/5 10:26 0:00 0:00
Anton Lundell 0 0 0 -1 0 2 2 1 0 1 0/0 16:06 5:08 0:26
Artturi Lehkonen 0 0 0 -1 0 3 3 1 2 1 0/1 21:11 4:51 1:00
Casey Mittelstadt 0 0 0 -1 0 1 3 1 1 1 1/4 18:25 5:11 0:49
Clayton Keller 0 0 0 -1 2 2 2 1 6 0 0/0 22:32 6:33 0:00
Jacob Bryson 0 0 0 -1 0 0 0 1 0 0 0/0 11:09 0:00 0:00
Jake Bean 0 0 0 -1 0 0 2 1 0 0 0/0 23:12 6:41 0:46
Jesperi Kotkaniemi 0 0 0 -1 0 0 3 1 1 1 10/18 19:20 6:35 0:07
Kasperi Kapanen 0 0 0 -1 0 1 0 0 0 1 1/1 12:54 0:38 0:00
Mikko Rantanen 0 0 0 -1 0 6 4 0 0 1 11/26 22:55 6:34 0:36
Miro Heiskanen 0 0 0 0 0 3 0 1 1 1 0/0 24:24 6:41 1:13
Noah Cates 0 0 0 1 0 0 1 0 0 0 0/0 7:31 0:00 0:00
Noah Hanifin 0 1 1 0 0 1 1 2 0 2 0/0 25:39 5:13 1:13
Olli Maatta 0 0 0 -1 0 0 3 1 0 1 0/0 18:39 5:13 0:00
Robby Fabbri 0 1 1 1 0 4 1 2 2 0 0/6 7:31 0:00 0:00
Sam Lafferty 1 0 1 1 0 1 1 0 0 2 0/1 8:31 0:00 1:00
Taylor Raddysh 0 0 0 -1 0 1 0 1 0 0 0/1 10:38 0:12 0:00
Players Stats for Minnesota North Stars
Player Name G A P +/- PIM S H SB GA TA FO MP PP MP PK MP
------------------------------------------------------------------------------------
Adam Lowry 0 0 0 0 0 2 0 0 0 0 13/23 17:47 0:00 5:57
Brandon Montour 0 0 0 2 2 3 1 1 0 0 0/0 18:03 0:53 0:00
Brock Nelson 0 1 1 2 0 1 0 0 1 0 0/0 13:08 0:52 0:00
Conor Sheary 0 0 0 -1 0 1 1 0 0 0 0/0 7:32 0:00 0:00
Derick Brassard 0 0 0 -1 0 1 0 0 1 0 6/8 7:32 0:00 0:00
Evan Rodrigues 0 0 0 -1 0 2 0 1 0 2 0/0 7:32 0:00 0:00
Evgeni Malkin 0 1 1 1 0 3 1 0 1 0 2/2 14:57 0:52 0:21
Frank Vatrano 0 0 0 0 0 1 1 2 2 2 0/1 18:45 1:07 5:57
Gustav Forsling 0 1 1 1 2 3 2 0 1 2 0/0 19:50 0:00 4:48
Jamie Oleksiak 0 0 0 -1 2 1 3 1 0 0 0/0 21:35 0:53 6:32
Jeff Skinner 0 0 0 1 0 1 0 0 1 1 1/1 15:14 1:07 0:21
Jonathan Toews 0 1 1 2 0 2 0 0 0 1 9/15 18:46 0:00 5:36
Justin Holl 0 1 1 1 6 1 0 1 0 2 0/0 18:52 0:00 3:24
Neal Pionk 0 0 0 -1 0 1 0 2 0 0 0/0 21:05 1:06 5:47
Rasmus Dahlin 0 0 0 2 0 2 1 0 1 0 0/0 21:30 1:06 3:17
Ryan Nugent-Hopkins 1 0 1 1 0 3 1 1 2 2 8/12 14:35 1:07 0:00
Viktor Arvidsson 2 0 2 2 0 4 1 0 2 0 0/0 13:08 0:52 0:00
Zach Parise 0 0 0 0 0 2 0 0 1 1 0/1 18:09 0:00 5:36
3 Stars
1 - Viktor Arvidsson (MNS)
2 - Stuart Skinner (MNS)
3 - Ryan Nugent-Hopkins (MNS)
Power Play
Vancouver Canucks - 0 on 6 Attempt(s) - 0.00%
Minnesota North Stars - 0 on 1 Attempt(s) - 0.00%
Penalty Kill
Vancouver Canucks - 1 on 1 Attempt(s) - 100.00%
- Score 0 goal in Penalty Kill
Minnesota North Stars - 6 on 6 Attempt(s) - 100.00%
- Score 0 goal in Penalty Kill
Team Stat
Vancouver Canucks - Hits : 28 - Faceoff Wins : 24 - Blocked Shots : 15 - Penalty Minutes : 2
Minnesota North Stars - Hits : 12 - Faceoff Wins : 39 - Blocked Shots : 9 - Penalty Minutes : 12
Official
Referees : Dan O'Rourke and Greg Kimmerly
Linesman : Mike Cvik and Kiel Murchison
Game Notes
No Game Note
Finance
Level 1 -- Attendance: 5838 (97.30%) -- Ticket Income $583,800
Level 2 -- Attendance: 4841 (96.82%) -- Ticket Income $290,460
Level 3 -- Attendance: 3000 (100.00%) -- Ticket Income $105,000
Level 4 -- Attendance: 4643 (92.86%) -- Ticket Income $116,075
Luxury Box -- Attendance: 1000 (100.00%) -- Ticket Income $200,000
Game was played at the Met Center.
Total Attendance: 19322 (96.61%)
Total Ticket Income: $1,295,335
Other Income: $453,367
Total Income: $1,748,702
Vancouver Canucks
5 vs 5 Forward
Center Left Wing Right Wing Time % Phy DF OF
1 Mikko Rantanen Artturi Lehkonen Clayton Keller 40 0 2 3
2 Jesperi Kotkaniemi Casey Mittelstadt Kasperi Kapanen 30 1 2 2
3 Aleksander Barkov Anton Lundell Taylor Raddysh 20 1 2 2
4 Robby Fabbri Noah Cates Sam Lafferty 10 1 2 2
5 vs 5 Defense
Defense Defense Time % Phy DF OF
1 Miro Heiskanen Noah Hanifin 40 1 2 2
2 Adam Boqvist Jake Bean 30 1 2 2
3 Jacob Bryson Olli Maatta 20 1 2 2
4 Noah Hanifin Miro Heiskanen 10 1 2 2
PowerPlay Forward
Center Left Wing Right Wing Time % Phy DF OF
1 Jesperi Kotkaniemi Clayton Keller Mikko Rantanen 60 0 1 4
2 Casey Mittelstadt Anton Lundell Artturi Lehkonen 40 0 1 4
PowerPlay Defense
Defense Defense Time % Phy DF OF
1 Miro Heiskanen Jake Bean 60 0 1 4
2 Noah Hanifin Olli Maatta 40 0 1 4
Penalty Kill 4 Players Forward
Center Wing Time % Phy DF OF
1 Sam Lafferty Artturi Lehkonen 60 1 3 1
2 Casey Mittelstadt Anton Lundell 40 1 3 1
Penalty Kill 4 Players Defense
Defense Defense Time % Phy DF OF
1 Noah Hanifin Miro Heiskanen 60 1 3 1
2 Adam Boqvist Jake Bean 40 1 3 1
Penalty Kill - 3 Players Forward
Forward Time % Phy DF OF
1 Anton Lundell 60 1 3 1
2 Sam Lafferty 40 1 3 1
Penalty Kill - 3 Players Defense
Defense Defense Time % Phy DF OF
1 Noah Hanifin Adam Boqvist 60 1 3 1
2 Miro Heiskanen Jake Bean 40 1 3 1
4 vs 4 Forward
Center Wing Time % Phy DF OF
1 Clayton Keller Mikko Rantanen 60 1 2 2
2 Anton Lundell Artturi Lehkonen 40 1 2 2
4 vs 4 Defense
Defense Defense Time % Phy DF OF
1 Miro Heiskanen Noah Hanifin 60 1 2 2
2 Adam Boqvist Jake Bean 40 1 2 2
Last Minutes Offensive
Center Left Wing Right Wing Defense Defense
Anton Lundell Clayton Keller Mikko Rantanen Miro Heiskanen Noah Hanifin
Last Minutes Defensive
Center Left Wing Right Wing Defense Defense
Sam Lafferty Anton Lundell Artturi Lehkonen Noah Hanifin Olli Maatta
Goaltenders
Starting : Joonas Korpisalo
Backup : Ville Husso
Extra Forwards
Normal : Mikko Rantanen, Anton Lundell, Artturi Lehkonen - PP : Clayton Keller, Kasperi Kapanen - PK : Mikko Rantanen
Extra Defensemen
Normal : Jake Bean, Noah Hanifin, Miro Heiskanen - PP : Jake Bean - PK : Noah Hanifin, Adam Boqvist
Penalty Shots
Clayton Keller, Anton Lundell, Jesperi Kotkaniemi, Artturi Lehkonen, Mikko Rantanen
Minnesota North Stars
5 vs 5 Forward
Center Left Wing Right Wing Time % Phy DF OF
1 Ryan Nugent-Hopkins Evgeni Malkin Jeff Skinner 32 0 1 4
2 Jonathan Toews Brock Nelson Viktor Arvidsson 30 0 1 4
3 Adam Lowry Zach Parise Frank Vatrano 28 1 2 2
4 Derick Brassard Evan Rodrigues Conor Sheary 10 1 2 2
5 vs 5 Defense
Defense Defense Time % Phy DF OF
1 Rasmus Dahlin Brandon Montour 30 1 2 2
2 Jamie Oleksiak Neal Pionk 30 1 2 2
3 Justin Holl Gustav Forsling 30 1 2 2
4 Rasmus Dahlin Brandon Montour 10 1 2 2
PowerPlay Forward
Center Left Wing Right Wing Time % Phy DF OF
1 Ryan Nugent-Hopkins Frank Vatrano Jeff Skinner 50 0 1 4
2 Evgeni Malkin Brock Nelson Viktor Arvidsson 50 0 1 4
PowerPlay Defense
Defense Defense Time % Phy DF OF
1 Rasmus Dahlin Neal Pionk 50 1 2 2
2 Jamie Oleksiak Brandon Montour 50 1 2 2
Penalty Kill 4 Players Forward
Center Wing Time % Phy DF OF
1 Jonathan Toews Zach Parise 50 1 3 1
2 Adam Lowry Frank Vatrano 50 1 3 1
Penalty Kill 4 Players Defense
Defense Defense Time % Phy DF OF
1 Neal Pionk Jamie Oleksiak 50 1 3 1
2 Justin Holl Gustav Forsling 50 1 3 1
Penalty Kill - 3 Players Forward
Forward Time % Phy DF OF
1 Jonathan Toews 50 1 3 1
2 Adam Lowry 50 1 3 1
Penalty Kill - 3 Players Defense
Defense Defense Time % Phy DF OF
1 Jamie Oleksiak Neal Pionk 50 1 2 2
2 Justin Holl Gustav Forsling 50 1 2 2
4 vs 4 Forward
Center Wing Time % Phy DF OF
1 Ryan Nugent-Hopkins Evgeni Malkin 50 1 1 3
2 Brock Nelson Jeff Skinner 50 1 1 3
4 vs 4 Defense
Defense Defense Time % Phy DF OF
1 Rasmus Dahlin Brandon Montour 50 1 2 2
2 Jamie Oleksiak Gustav Forsling 50 1 2 2
Last Minutes Offensive
Center Left Wing Right Wing Defense Defense
Ryan Nugent-Hopkins Brock Nelson Jeff Skinner Rasmus Dahlin Brandon Montour
Last Minutes Defensive
Center Left Wing Right Wing Defense Defense
Ryan Nugent-Hopkins Brock Nelson Jeff Skinner Rasmus Dahlin Brandon Montour
Goaltenders
Starting : Stuart Skinner
Backup : Antti Raanta
Extra Forwards
Normal : Adam Lowry, Frank Vatrano, Jonathan Toews - PP : Viktor Arvidsson, Frank Vatrano - PK : Jonathan Toews
Extra Defensemen
Normal : Neal Pionk, Justin Holl, Jamie Oleksiak - PP : Neal Pionk - PK : Justin Holl, Jamie Oleksiak
Penalty Shots
Ryan Nugent-Hopkins, Evgeni Malkin, Brock Nelson, Jeff Skinner, Viktor Arvidsson
% Time on Ice - Vancouver Canucks
Lines # - Real PCT - Wanted PCT - Time Play
Normal Forward
1 - 34% - 40% - 15:52
2 - 27% - 30% - 12:18
3 - 23% - 20% - 10:26
4 - 16% - 10% - 7:31
Normal Defense
1 - 35% - 40% - 16:12
2 - 40% - 30% - 18:28
3 - 24% - 20% - 11:09
4 - 1% - 10% - 0:18
PP Forward
1 - 57% - 60% - 6:46
2 - 43% - 40% - 5:08
PP Defense
1 - 56% - 60% - 6:41
2 - 44% - 40% - 5:13
PK Forward
1 - 88% - 60% - 1:45
2 - 12% - 40% - 0:14
PK Defense
1 - 61% - 60% - 1:13
2 - 39% - 40% - 0:46
PK3 Forward
1 - 0% - 60%
2 - 0% - 40%
PK3 Defense
1 - 0% - 60%
2 - 0% - 40%
44 Forward
1 - 0% - 60%
2 - 0% - 40%
44 Defense
1 - 0% - 60%
2 - 0% - 40%
Last Minute Offensive - 0:00
Last Minute Defensive - 0:00
Total
Forward - 60:00
Defense - 60:00
|
% Time on Ice - Minnesota North Stars
Lines # - Real PCT - Wanted PCT - Time Play
Normal Forward
1 - 31% - 32% - 14:29
2 - 27% - 30% - 12:16
3 - 26% - 28% - 11:50
4 - 16% - 10% - 7:32
Normal Defense
1 - 32% - 30% - 14:50
2 - 31% - 30% - 14:07
3 - 31% - 30% - 14:24
4 - 6% - 10% - 2:46
PP Forward
1 - 56% - 50% - 1:07
2 - 44% - 50% - 0:52
PP Defense
1 - 55% - 50% - 1:06
2 - 45% - 50% - 0:53
PK Forward
1 - 49% - 50% - 5:48
2 - 51% - 50% - 6:06
PK Defense
1 - 47% - 50% - 5:39
2 - 53% - 50% - 6:15
PK3 Forward
1 - 0% - 50%
2 - 0% - 50%
PK3 Defense
1 - 0% - 50%
2 - 0% - 50%
44 Forward
1 - 0% - 50%
2 - 0% - 50%
44 Defense
1 - 0% - 50%
2 - 0% - 50%
Last Minute Offensive - 0:00
Last Minute Defensive - 0:00
Total
Forward - 60:00
Defense - 60:00
|
Play-by-Play
1st period
0:01 of 1st period - Ryan Nugent-Hopkins wins face-off versus Mikko Rantanen in neutral zone.
0:10 of 1st period - Slapshot by Jeff Skinner.
0:10 of 1st period - Stopped by Joonas Korpisalo with a rebound.
0:12 of 1st period - Snap shot by Ryan Nugent-Hopkins.
0:12 of 1st period - Deflect By Jeff Skinner.
0:12 of 1st period - Shot Blocked by Noah Hanifin.
0:12 of 1st period - Puck is out of play.
0:13 of 1st period - Jonathan Toews wins face-off versus Casey Mittelstadt in Vancouver Canucks zone.
4:46 of 1st period - Slapshot by Mikko Rantanen.
4:46 of 1st period - Shot Misses the Net.
5:05 of 1st period - Wrist shot by Kasperi Kapanen.
5:05 of 1st period - Shot Misses the Net.
5:34 of 1st period - Justin Holl is hit by Artturi Lehkonen and loses puck.
6:23 of 1st period - Jake Bean is hit by Gustav Forsling and loses puck.
6:43 of 1st period - Snap shot by Miro Heiskanen.
6:43 of 1st period - Stopped by Stuart Skinner without a rebound.
6:44 of 1st period - Derick Brassard wins face-off versus Taylor Raddysh in Minnesota North Stars zone.
6:48 of 1st period - Off-side.
6:49 of 1st period - Ryan Nugent-Hopkins wins face-off versus Mikko Rantanen in neutral zone.
7:46 of 1st period - Slapshot by Rasmus Dahlin.
7:46 of 1st period - Stopped by Joonas Korpisalo with a rebound.
8:27 of 1st period - Wrist shot by Clayton Keller.
8:27 of 1st period - Shot Blocked by Justin Holl.
8:29 of 1st period - Slapshot by Olli Maatta.
8:29 of 1st period - Shot Blocked by Ryan Nugent-Hopkins.
9:02 of 1st period - Gustav Forsling is hit by Robby Fabbri and loses puck.
9:07 of 1st period - Snap shot by Robby Fabbri.
9:07 of 1st period - Stopped by Stuart Skinner without a rebound.
9:08 of 1st period - Mikko Rantanen wins face-off versus Ryan Nugent-Hopkins in Minnesota North Stars zone.
9:33 of 1st period - Slapshot by Rasmus Dahlin.
9:33 of 1st period - Shot Blocked by Miro Heiskanen.
10:14 of 1st period - Off-side.
10:15 of 1st period - Evgeni Malkin wins face-off versus Aleksander Barkov in neutral zone.
10:51 of 1st period - Snap shot by Anton Lundell.
10:51 of 1st period - Stopped by Stuart Skinner without a rebound.
10:52 of 1st period - Mikko Rantanen wins face-off versus Jonathan Toews in Minnesota North Stars zone.
11:19 of 1st period - Noah Hanifin is hit by Conor Sheary.
11:46 of 1st period - Minor Penalty to Brandon Montour for Roughing.
11:47 of 1st period - Jonathan Toews wins face-off versus Casey Mittelstadt in Minnesota North Stars zone.
12:07 of 1st period - Snap shot by Zach Parise.
12:07 of 1st period - Stopped by Joonas Korpisalo with a rebound.
12:13 of 1st period - Jake Bean is hit by Jamie Oleksiak and loses puck.
12:51 of 1st period - Justin Holl is hit by Jesperi Kotkaniemi and loses puck.
13:46 of 1st period - Penalty to Brandon Montour is over, Brandon Montour is back on ice.
13:59 of 1st period - Wrist shot by Evgeni Malkin.
13:59 of 1st period - Stopped by Joonas Korpisalo with a rebound.
14:01 of 1st period - Slapshot by Justin Holl.
14:01 of 1st period - Stopped by Joonas Korpisalo without a rebound.
14:02 of 1st period - Derick Brassard wins face-off versus Robby Fabbri in Vancouver Canucks zone.
14:09 of 1st period - Slapshot by Rasmus Dahlin.
14:09 of 1st period - Shot Misses the Net.
14:11 of 1st period - Snap shot by Conor Sheary.
14:11 of 1st period - Stopped by Joonas Korpisalo without a rebound.
14:12 of 1st period - Derick Brassard wins face-off versus Robby Fabbri in Vancouver Canucks zone.
14:17 of 1st period - Snap shot by Evan Rodrigues.
14:17 of 1st period - Stopped by Joonas Korpisalo with a rebound.
14:19 of 1st period - Slapshot by Conor Sheary.
14:19 of 1st period - Shot Misses the Net.
14:21 of 1st period - Wrist shot by Brandon Montour.
14:21 of 1st period - Stopped by Joonas Korpisalo with a rebound.
14:23 of 1st period - Wrist shot by Rasmus Dahlin.
14:23 of 1st period - Deflect By Robby Fabbri.
14:23 of 1st period - Stopped by Joonas Korpisalo without a rebound.
14:24 of 1st period - Jesperi Kotkaniemi wins face-off versus Jonathan Toews in Vancouver Canucks zone.
14:35 of 1st period - Slapshot by Jesperi Kotkaniemi.
14:35 of 1st period - Shot Misses the Net.
14:37 of 1st period - Wrist shot by Kasperi Kapanen.
14:37 of 1st period - Shot Hit the Post.
14:42 of 1st period - Minor Penalty to Justin Holl for Interference.
14:43 of 1st period - Jesperi Kotkaniemi wins face-off versus Adam Lowry in Minnesota North Stars zone.
14:55 of 1st period - Gustav Forsling is hit by Mikko Rantanen and loses puck.
15:00 of 1st period - Slapshot by Mikko Rantanen.
15:00 of 1st period - Shot Misses the Net.
15:10 of 1st period - Backhand shot by Artturi Lehkonen.
15:10 of 1st period - Stopped by Stuart Skinner with a rebound.
15:12 of 1st period - Snap shot by Casey Mittelstadt.
15:12 of 1st period - Shot Misses the Net.
16:42 of 1st period - Penalty to Justin Holl is over, Justin Holl is back on ice.
17:41 of 1st period - Wrist shot by Robby Fabbri.
17:41 of 1st period - Shot Blocked by Evan Rodrigues.
17:43 of 1st period - Snap shot by Sam Lafferty.
17:43 of 1st period - Goal by Sam Lafferty - Vancouver Canucks : 1 - Minnesota North Stars : 0.
17:44 of 1st period - Mikko Rantanen wins face-off versus Frank Vatrano in neutral zone.
17:53 of 1st period - Snap shot by Artturi Lehkonen.
17:53 of 1st period - Shot Blocked by Frank Vatrano.
17:55 of 1st period - Wrist shot by Mikko Rantanen.
17:55 of 1st period - Shot Misses the Net.
17:57 of 1st period - Wrist shot by Clayton Keller.
17:57 of 1st period - Shot Misses the Net.
17:59 of 1st period - Slapshot by Clayton Keller.
17:59 of 1st period - Stopped by Stuart Skinner without a rebound.
18:00 of 1st period - Jeff Skinner wins face-off versus Jesperi Kotkaniemi in Minnesota North Stars zone.
18:47 of 1st period - Miro Heiskanen is hit by Jamie Oleksiak.
18:59 of 1st period - Backhand shot by Clayton Keller.
18:59 of 1st period - Shot Misses the Net.
19:11 of 1st period - Snap shot by Viktor Arvidsson.
19:11 of 1st period - Stopped by Joonas Korpisalo without a rebound.
19:12 of 1st period - Jonathan Toews wins face-off versus Aleksander Barkov in Vancouver Canucks zone.
19:23 of 1st period - Wrist shot by Brock Nelson.
19:23 of 1st period - Shot Misses the Net.
19:25 of 1st period - Backhand shot by Brandon Montour.
19:25 of 1st period - Stopped by Joonas Korpisalo without a rebound.
19:26 of 1st period - Kasperi Kapanen wins face-off versus Adam Lowry in Vancouver Canucks zone.
19:26 of 1st period - Kasperi Kapanen is hit by Frank Vatrano.
19:36 of 1st period - Zach Parise is hit by Casey Mittelstadt and loses puck.
Goals for this period are 1 for Vancouver Canucks vs 0 for Minnesota North Stars.
Shots for this period are 6 for Vancouver Canucks vs 11 for Minnesota North Stars.
2nd period
0:01 of 2nd period - Mikko Rantanen wins face-off versus Ryan Nugent-Hopkins in neutral zone.
0:08 of 2nd period - Snap shot by Mikko Rantanen.
0:08 of 2nd period - Shot Misses the Net.
0:10 of 2nd period - Slapshot by Noah Hanifin.
0:10 of 2nd period - Stopped by Stuart Skinner without a rebound.
0:11 of 2nd period - Ryan Nugent-Hopkins wins face-off versus Mikko Rantanen in Minnesota North Stars zone.
0:11 of 2nd period - Ryan Nugent-Hopkins is hit by Clayton Keller.
0:22 of 2nd period - Minor Penalty to Clayton Keller for Close Hand On Puck.
0:23 of 2nd period - Ryan Nugent-Hopkins wins face-off versus Sam Lafferty in Vancouver Canucks zone.
2:22 of 2nd period - Penalty to Clayton Keller is over, Clayton Keller is back on ice.
2:31 of 2nd period - Backhand shot by Anton Lundell.
2:31 of 2nd period - Stopped by Stuart Skinner with a rebound.
3:45 of 2nd period - Slapshot by Miro Heiskanen.
3:45 of 2nd period - Stopped by Stuart Skinner without a rebound.
3:46 of 2nd period - Jesperi Kotkaniemi wins face-off versus Derick Brassard in Minnesota North Stars zone.
3:57 of 2nd period - Snap shot by Evan Rodrigues.
3:57 of 2nd period - Shot Blocked by Jesperi Kotkaniemi.
4:47 of 2nd period - Rasmus Dahlin is hit by Olli Maatta and loses puck.
5:24 of 2nd period - Brandon Montour is hit by Jesperi Kotkaniemi and loses puck.
5:35 of 2nd period - Olli Maatta is hit by Brandon Montour and loses puck.
5:40 of 2nd period - Snap shot by Ryan Nugent-Hopkins.
5:40 of 2nd period - Stopped by Joonas Korpisalo without a rebound.
5:41 of 2nd period - Adam Lowry wins face-off versus Mikko Rantanen in Vancouver Canucks zone.
5:42 of 2nd period - Snap shot by Frank Vatrano.
5:42 of 2nd period - Shot Hit the Post.
5:44 of 2nd period - Wrist shot by Zach Parise.
5:44 of 2nd period - Shot Misses the Net.
5:48 of 2nd period - Wrist shot by Adam Lowry.
5:48 of 2nd period - Shot Blocked by Noah Hanifin.
5:50 of 2nd period - Backhand shot by Frank Vatrano.
5:50 of 2nd period - Shot Misses the Net.
6:27 of 2nd period - Off-side.
6:28 of 2nd period - Derick Brassard wins face-off versus Jesperi Kotkaniemi in neutral zone.
6:35 of 2nd period - Snap shot by Conor Sheary.
6:35 of 2nd period - Shot Hit the Post.
6:41 of 2nd period - Wrist shot by Derick Brassard.
6:41 of 2nd period - Shot Misses the Net.
6:55 of 2nd period - Adam Lowry is hit by Artturi Lehkonen and loses puck.
7:01 of 2nd period - Minor Penalty to Justin Holl for Holding Stick.
7:02 of 2nd period - Jesperi Kotkaniemi wins face-off versus Jonathan Toews in Minnesota North Stars zone.
7:02 of 2nd period - Snap shot by Clayton Keller.
7:02 of 2nd period - Shot Misses the Net.
7:47 of 2nd period - Jonathan Toews is hit by Jake Bean and loses puck.
7:58 of 2nd period - Olli Maatta is hit by Gustav Forsling and loses puck.
9:01 of 2nd period - Penalty to Justin Holl is over, Justin Holl is back on ice.
9:31 of 2nd period - Jeff Skinner is hit by Aleksander Barkov and loses puck.
9:39 of 2nd period - Icing by Jamie Oleksiak.
9:40 of 2nd period - Jonathan Toews wins face-off versus Robby Fabbri in Minnesota North Stars zone.
9:47 of 2nd period - Wrist shot by Jonathan Toews.
9:47 of 2nd period - Shot Blocked by Robby Fabbri.
10:24 of 2nd period - Icing by Neal Pionk.
10:25 of 2nd period - Adam Lowry wins face-off versus Aleksander Barkov in Minnesota North Stars zone.
10:40 of 2nd period - Wrist shot by Frank Vatrano.
10:40 of 2nd period - Shot Blocked by Anton Lundell.
10:50 of 2nd period - Wrist shot by Ryan Nugent-Hopkins.
10:50 of 2nd period - Shot Misses the Net.
10:52 of 2nd period - Snap shot by Gustav Forsling.
10:52 of 2nd period - Stopped by Joonas Korpisalo without a rebound.
10:53 of 2nd period - Mikko Rantanen wins face-off versus Ryan Nugent-Hopkins in Vancouver Canucks zone.
10:53 of 2nd period - Mikko Rantanen is hit by Evgeni Malkin.
11:23 of 2nd period - Off-side.
11:24 of 2nd period - Jonathan Toews wins face-off versus Jesperi Kotkaniemi in neutral zone.
11:29 of 2nd period - Snap shot by Jonathan Toews.
11:29 of 2nd period - Stopped by Joonas Korpisalo with a rebound.
11:31 of 2nd period - Slapshot by Viktor Arvidsson.
11:31 of 2nd period - Shot Misses the Net.
11:35 of 2nd period - Wrist shot by Jonathan Toews.
11:35 of 2nd period - Stopped by Joonas Korpisalo with a rebound.
11:37 of 2nd period - Slapshot by Viktor Arvidsson.
11:37 of 2nd period - Stopped by Joonas Korpisalo with a rebound.
11:39 of 2nd period - Slapshot by Brandon Montour.
11:39 of 2nd period - Stopped by Joonas Korpisalo with a rebound.
11:41 of 2nd period - Slapshot by Jonathan Toews.
11:41 of 2nd period - Shot Blocked by Casey Mittelstadt.
12:19 of 2nd period - Snap shot by Viktor Arvidsson.
12:19 of 2nd period - Goal by Viktor Arvidsson - Vancouver Canucks : 1 - Minnesota North Stars : 1.
12:20 of 2nd period - Adam Lowry wins face-off versus Mikko Rantanen in neutral zone.
12:31 of 2nd period - Wrist shot by Adam Lowry.
12:31 of 2nd period - Shot Misses the Net.
12:49 of 2nd period - Snap shot by Robby Fabbri.
12:49 of 2nd period - Stopped by Stuart Skinner without a rebound.
12:50 of 2nd period - Ryan Nugent-Hopkins wins face-off versus Robby Fabbri in Minnesota North Stars zone.
12:50 of 2nd period - Ryan Nugent-Hopkins is hit by Noah Cates.
13:14 of 2nd period - Slapshot by Robby Fabbri.
13:14 of 2nd period - Stopped by Stuart Skinner without a rebound.
13:15 of 2nd period - Mikko Rantanen wins face-off versus Jonathan Toews in Minnesota North Stars zone.
13:41 of 2nd period - Brock Nelson is hit by Anton Lundell and loses puck.
13:50 of 2nd period - Snap shot by Brock Nelson.
13:50 of 2nd period - Stopped by Joonas Korpisalo with a rebound.
14:22 of 2nd period - Wrist shot by Viktor Arvidsson.
14:22 of 2nd period - Shot Blocked by Jake Bean.
14:24 of 2nd period - Snap shot by Jonathan Toews.
14:24 of 2nd period - Shot Misses the Net.
14:26 of 2nd period - Wrist shot by Gustav Forsling.
14:26 of 2nd period - Shot Blocked by Adam Boqvist.
14:28 of 2nd period - Snap shot by Justin Holl.
14:28 of 2nd period - Deflect By Viktor Arvidsson.
14:28 of 2nd period - Deflect By Aleksander Barkov.
14:28 of 2nd period - Goal by Viktor Arvidsson - Vancouver Canucks : 1 - Minnesota North Stars : 2.
14:29 of 2nd period - Adam Lowry wins face-off versus Mikko Rantanen in neutral zone.
15:01 of 2nd period - Evgeni Malkin is hit by Olli Maatta and loses puck.
15:14 of 2nd period - Snap shot by Robby Fabbri.
15:14 of 2nd period - Stopped by Stuart Skinner without a rebound.
15:15 of 2nd period - Derick Brassard wins face-off versus Robby Fabbri in Minnesota North Stars zone.
15:15 of 2nd period - Derick Brassard is hit by Adam Boqvist.
16:07 of 2nd period - Wrist shot by Ryan Nugent-Hopkins.
16:07 of 2nd period - Stopped by Joonas Korpisalo with a rebound.
16:24 of 2nd period - Minor Penalty to Jamie Oleksiak for Slashing.
16:25 of 2nd period - Jonathan Toews wins face-off versus Mikko Rantanen in Minnesota North Stars zone.
16:33 of 2nd period - Jonathan Toews is hit by Mikko Rantanen and loses puck.
16:50 of 2nd period - Adam Lowry is hit by Artturi Lehkonen and loses puck.
16:59 of 2nd period - Wrist shot by Casey Mittelstadt.
16:59 of 2nd period - Shot Blocked by Frank Vatrano.
17:01 of 2nd period - Wrist shot by Anton Lundell.
17:01 of 2nd period - Shot Blocked by Neal Pionk.
17:47 of 2nd period - Snap shot by Casey Mittelstadt.
17:47 of 2nd period - Stopped by Stuart Skinner without a rebound.
17:48 of 2nd period - Mikko Rantanen wins face-off versus Adam Lowry in Minnesota North Stars zone.
17:57 of 2nd period - Slapshot by Mikko Rantanen.
17:57 of 2nd period - Deflect By Jesperi Kotkaniemi.
17:57 of 2nd period - Shot Hit the Post.
17:57 of 2nd period - Puck is out of play.
17:58 of 2nd period - Jonathan Toews wins face-off versus Jesperi Kotkaniemi in Minnesota North Stars zone.
18:09 of 2nd period - Jonathan Toews is hit by Clayton Keller and loses puck.
18:18 of 2nd period - Slapshot by Clayton Keller.
18:18 of 2nd period - Shot Misses the Net.
18:20 of 2nd period - Snap shot by Jesperi Kotkaniemi.
18:20 of 2nd period - Shot Misses the Net.
18:22 of 2nd period - Snap shot by Noah Hanifin.
18:22 of 2nd period - Shot Misses the Net.
18:24 of 2nd period - Penalty to Jamie Oleksiak is over, Jamie Oleksiak is back on ice.
18:24 of 2nd period - Wrist shot by Clayton Keller.
18:24 of 2nd period - Shot Misses the Net.
18:51 of 2nd period - Snap shot by Clayton Keller.
18:51 of 2nd period - Stopped by Stuart Skinner without a rebound.
18:52 of 2nd period - Aleksander Barkov wins face-off versus Ryan Nugent-Hopkins in Minnesota North Stars zone.
19:25 of 2nd period - Minor Penalty to Gustav Forsling for Slashing.
19:26 of 2nd period - Jesperi Kotkaniemi wins face-off versus Adam Lowry in Minnesota North Stars zone.
19:26 of 2nd period - Snap shot by Mikko Rantanen.
19:26 of 2nd period - Shot Blocked by Neal Pionk.
19:28 of 2nd period - Wrist shot by Clayton Keller.
19:28 of 2nd period - Deflect By Jamie Oleksiak.
19:28 of 2nd period - Shot Misses the Net.
19:28 of 2nd period - Puck is out of play.
19:29 of 2nd period - Jesperi Kotkaniemi wins face-off versus Adam Lowry in Minnesota North Stars zone.
19:34 of 2nd period - Snap shot by Mikko Rantanen.
19:34 of 2nd period - Stopped by Stuart Skinner without a rebound.
19:35 of 2nd period - Adam Lowry wins face-off versus Jesperi Kotkaniemi in Minnesota North Stars zone.
Goals for this period are 0 for Vancouver Canucks vs 2 for Minnesota North Stars.
Shots for this period are 9 for Vancouver Canucks vs 10 for Minnesota North Stars.
3rd period
0:01 of 3rd period - Jonathan Toews wins face-off versus Jesperi Kotkaniemi in neutral zone.
0:09 of 3rd period - Jonathan Toews is hit by Jake Bean and loses puck.
0:34 of 3rd period - Slapshot by Miro Heiskanen.
0:34 of 3rd period - Stopped by Stuart Skinner without a rebound.
0:35 of 3rd period - Jesperi Kotkaniemi wins face-off versus Adam Lowry in Minnesota North Stars zone.
1:25 of 3rd period - Penalty to Gustav Forsling is over, Gustav Forsling is back on ice.
1:33 of 3rd period - Snap shot by Rasmus Dahlin.
1:33 of 3rd period - Shot Misses the Net.
1:35 of 3rd period - Snap shot by Ryan Nugent-Hopkins.
1:35 of 3rd period - Shot Blocked by Robby Fabbri.
1:37 of 3rd period - Snap shot by Evgeni Malkin.
1:37 of 3rd period - Stopped by Joonas Korpisalo without a rebound.
1:38 of 3rd period - Evgeni Malkin wins face-off versus Mikko Rantanen in Vancouver Canucks zone.
1:43 of 3rd period - Wrist shot by Ryan Nugent-Hopkins.
1:43 of 3rd period - Goal by Ryan Nugent-Hopkins - Vancouver Canucks : 1 - Minnesota North Stars : 3.
1:44 of 3rd period - Adam Lowry wins face-off versus Mikko Rantanen in neutral zone.
1:57 of 3rd period - Wrist shot by Frank Vatrano.
1:57 of 3rd period - Shot Misses the Net.
1:59 of 3rd period - Slapshot by Jamie Oleksiak.
1:59 of 3rd period - Stopped by Joonas Korpisalo with a rebound.
2:14 of 3rd period - Snap shot by Casey Mittelstadt.
2:14 of 3rd period - Shot Misses the Net.
2:16 of 3rd period - Slapshot by Jesperi Kotkaniemi.
2:16 of 3rd period - Shot Blocked by Brandon Montour.
2:28 of 3rd period - Brandon Montour is hit by Jesperi Kotkaniemi.
2:36 of 3rd period - Off-side.
2:37 of 3rd period - Mikko Rantanen wins face-off versus Adam Lowry in neutral zone.
2:40 of 3rd period - Slapshot by Clayton Keller.
2:40 of 3rd period - Deflect By Mikko Rantanen.
2:40 of 3rd period - Stopped by Stuart Skinner without a rebound.
2:41 of 3rd period - Adam Lowry wins face-off versus Artturi Lehkonen in Minnesota North Stars zone.
2:41 of 3rd period - Adam Lowry is hit by Mikko Rantanen.
3:13 of 3rd period - Wrist shot by Evgeni Malkin.
3:13 of 3rd period - Stopped by Joonas Korpisalo with a rebound.
3:15 of 3rd period - Wrist shot by Evgeni Malkin.
3:15 of 3rd period - Shot Misses the Net.
3:55 of 3rd period - Snap shot by Derick Brassard.
3:55 of 3rd period - Stopped by Joonas Korpisalo with a rebound.
3:57 of 3rd period - Snap shot by Evan Rodrigues.
3:57 of 3rd period - Stopped by Joonas Korpisalo without a rebound.
3:58 of 3rd period - Mikko Rantanen wins face-off versus Adam Lowry in Vancouver Canucks zone.
4:12 of 3rd period - Snap shot by Frank Vatrano.
4:12 of 3rd period - Stopped by Joonas Korpisalo with a rebound.
4:14 of 3rd period - Slapshot by Adam Lowry.
4:14 of 3rd period - Stopped by Joonas Korpisalo with a rebound.
4:24 of 3rd period - Ryan Nugent-Hopkins is hit by Casey Mittelstadt.
5:13 of 3rd period - Icing by Jonathan Toews.
5:14 of 3rd period - Jonathan Toews wins face-off versus Robby Fabbri in Minnesota North Stars zone.
5:33 of 3rd period - Snap shot by Brock Nelson.
5:33 of 3rd period - Shot Blocked by Jacob Bryson.
5:35 of 3rd period - Slapshot by Justin Holl.
5:35 of 3rd period - Deflect By Brock Nelson.
5:35 of 3rd period - Shot Blocked by Olli Maatta.
5:35 of 3rd period - Puck is out of play.
5:36 of 3rd period - Adam Lowry wins face-off versus Mikko Rantanen in Vancouver Canucks zone.
5:50 of 3rd period - Snap shot by Artturi Lehkonen.
5:50 of 3rd period - Shot Misses the Net.
6:02 of 3rd period - Rasmus Dahlin is hit by Anton Lundell and loses puck.
6:27 of 3rd period - Jesperi Kotkaniemi is hit by Rasmus Dahlin and loses puck.
7:04 of 3rd period - Brandon Montour is hit by Sam Lafferty.
7:34 of 3rd period - Snap shot by Aleksander Barkov.
7:34 of 3rd period - Stopped by Stuart Skinner with a rebound.
7:58 of 3rd period - Icing by Jeff Skinner.
7:59 of 3rd period - Ryan Nugent-Hopkins wins face-off versus Jesperi Kotkaniemi in Minnesota North Stars zone.
8:52 of 3rd period - Anton Lundell is hit by Jamie Oleksiak and loses puck.
9:36 of 3rd period - Wrist shot by Derick Brassard.
9:36 of 3rd period - Shot Misses the Net.
9:38 of 3rd period - Snap shot by Zach Parise.
9:38 of 3rd period - Stopped by Joonas Korpisalo without a rebound.
9:39 of 3rd period - Adam Lowry wins face-off versus Mikko Rantanen in Vancouver Canucks zone.
10:52 of 3rd period - Off-side.
10:53 of 3rd period - Derick Brassard wins face-off versus Mikko Rantanen in neutral zone.
10:57 of 3rd period - Off-side.
10:58 of 3rd period - Mikko Rantanen wins face-off versus Derick Brassard in neutral zone.
11:12 of 3rd period - Snap shot by Evan Rodrigues.
11:12 of 3rd period - Shot Blocked by Artturi Lehkonen.
11:14 of 3rd period - Snap shot by Derick Brassard.
11:14 of 3rd period - Deflect By Conor Sheary.
11:14 of 3rd period - Shot Misses the Net.
11:14 of 3rd period - Puck is out of play.
11:15 of 3rd period - Jesperi Kotkaniemi wins face-off versus Adam Lowry in Vancouver Canucks zone.
12:06 of 3rd period - Jacob Bryson is hit by Viktor Arvidsson and loses puck.
12:42 of 3rd period - Frank Vatrano is hit by Olli Maatta and loses puck.
12:59 of 3rd period - Snap shot by Artturi Lehkonen.
12:59 of 3rd period - Stopped by Stuart Skinner without a rebound.
13:00 of 3rd period - Ryan Nugent-Hopkins wins face-off versus Mikko Rantanen in Minnesota North Stars zone.
13:13 of 3rd period - Ryan Nugent-Hopkins is hit by Mikko Rantanen and loses puck.
13:34 of 3rd period - Wrist shot by Clayton Keller.
13:34 of 3rd period - Shot Misses the Net.
13:36 of 3rd period - Slapshot by Adam Boqvist.
13:36 of 3rd period - Stopped by Stuart Skinner with a rebound.
13:38 of 3rd period - Snap shot by Mikko Rantanen.
13:38 of 3rd period - Stopped by Stuart Skinner without a rebound.
13:39 of 3rd period - Jesperi Kotkaniemi wins face-off versus Zach Parise in Minnesota North Stars zone.
13:50 of 3rd period - Snap shot by Casey Mittelstadt.
13:50 of 3rd period - Deflect By Kasperi Kapanen.
13:50 of 3rd period - Shot Blocked by Jamie Oleksiak.
13:50 of 3rd period - Puck is out of play.
13:51 of 3rd period - Adam Lowry wins face-off versus Jesperi Kotkaniemi in Minnesota North Stars zone.
14:16 of 3rd period - Brandon Montour is hit by Noah Hanifin and loses puck.
14:23 of 3rd period - Wrist shot by Mikko Rantanen.
14:23 of 3rd period - Stopped by Stuart Skinner without a rebound.
14:24 of 3rd period - Adam Lowry wins face-off versus Mikko Rantanen in Minnesota North Stars zone.
14:31 of 3rd period - Snap shot by Frank Vatrano.
14:31 of 3rd period - Shot Misses the Net.
14:51 of 3rd period - Adam Boqvist is hit by Ryan Nugent-Hopkins and loses puck.
15:18 of 3rd period - Snap shot by Taylor Raddysh.
15:18 of 3rd period - Stopped by Stuart Skinner with a rebound.
15:36 of 3rd period - Wrist shot by Clayton Keller.
15:36 of 3rd period - Shot Misses the Net.
15:38 of 3rd period - Snap shot by Mikko Rantanen.
15:38 of 3rd period - Stopped by Stuart Skinner with a rebound.
15:48 of 3rd period - Minor Penalty to Justin Holl for Hooking.
15:49 of 3rd period - Jesperi Kotkaniemi wins face-off versus Jonathan Toews in Minnesota North Stars zone.
16:28 of 3rd period - Icing by Artturi Lehkonen.
16:29 of 3rd period - Casey Mittelstadt wins face-off versus Adam Lowry in Vancouver Canucks zone.
16:36 of 3rd period - Wrist shot by Artturi Lehkonen.
16:36 of 3rd period - Stopped by Stuart Skinner without a rebound.
16:37 of 3rd period - Mikko Rantanen wins face-off versus Jonathan Toews in Minnesota North Stars zone.
17:16 of 3rd period - Snap shot by Jonathan Toews.
17:16 of 3rd period - Shot Blocked by Clayton Keller.
17:30 of 3rd period - Slapshot by Mikko Rantanen.
17:30 of 3rd period - Stopped by Stuart Skinner without a rebound.
17:31 of 3rd period - Adam Lowry wins face-off versus Casey Mittelstadt in Minnesota North Stars zone.
17:40 of 3rd period - Neal Pionk is hit by Casey Mittelstadt and loses puck.
17:48 of 3rd period - Penalty to Justin Holl is over, Justin Holl is back on ice.
18:03 of 3rd period - Slapshot by Neal Pionk.
18:03 of 3rd period - Stopped by Joonas Korpisalo with a rebound.
18:36 of 3rd period - Snap shot by Kasperi Kapanen.
18:36 of 3rd period - Stopped by Stuart Skinner without a rebound.
18:37 of 3rd period - Adam Lowry wins face-off versus Aleksander Barkov in Minnesota North Stars zone.
18:44 of 3rd period - Wrist shot by Adam Lowry.
18:44 of 3rd period - Stopped by Joonas Korpisalo with a rebound.
18:46 of 3rd period - Snap shot by Zach Parise.
18:46 of 3rd period - Shot Misses the Net.
18:48 of 3rd period - Snap shot by Adam Lowry.
18:48 of 3rd period - Shot Misses the Net.
18:50 of 3rd period - Wrist shot by Zach Parise.
18:50 of 3rd period - Shot Blocked by Taylor Raddysh.
18:52 of 3rd period - Slapshot by Gustav Forsling.
18:52 of 3rd period - Deflect By Adam Boqvist.
18:52 of 3rd period - Stopped by Joonas Korpisalo without a rebound.
18:53 of 3rd period - Ryan Nugent-Hopkins wins face-off versus Mikko Rantanen in Vancouver Canucks zone.
19:48 of 3rd period - Snap shot by Gustav Forsling.
19:48 of 3rd period - Stopped by Joonas Korpisalo with a rebound.
Goals for this period are 0 for Vancouver Canucks vs 1 for Minnesota North Stars.
Shots for this period are 12 for Vancouver Canucks vs 13 for Minnesota North Stars.
Back to the Top